AAA EAST
FLORIDA FIRE FROGS @ TRI-CITY VALLEYCATS
07/21/2041
 
TOP OF THE 1ST
Florida Fire Frogs batting - Pitching for Tri-City ValleyCats : RHP Ken Godwin
Pitching: RHP Ken Godwin
Batting: RHB Alex Kaufman 0-0: Ball
1-0: Ball
2-0: Ball
3-0: Called Strike
3-1: Called Strike
3-2: Fly out, F8 (Flyball, 78S, EV 88.1 MPH)
Batting: LHB Artie Wells 0-0: Ground out 5-3 (Groundball, 5L, EV 108.1 MPH)
Batting: LHB Juan Pimentero 0-0: Ball
1-0: Ball
2-0: SINGLE (Groundball, 34D, EV 97.5 MPH)
Batting: LHB Nicodemo Colonnese 0-0: Hit by Pitch
Juan Pimentero to second
Batting: LHB Bernardo Guerrero 0-0: Ball
1-0: Ball
2-0: Foul Ball, location: 2F
2-1: 3-RUN HOME RUN (Flyball, 9D, EV 97.5 MPH), Distance : 360 ft
Batting: SHB Dave Williams 0-0: Ball
1-0: Foul Ball, location: 2F
1-1: Ball
2-1: Swinging Strike
2-2: Ball
3-2: Foul Ball, location: 3FF
3-2: Base on Balls
Batting: RHB Dan Murphy 0-0: Ball
Dave Williams is caught stealing 2nd base 2-4
Top of the 1st over - 3 runs, 2 hits, 0 errors, 0 left on base; Florida 3 - Tri-City 0
BOTTOM OF THE 1ST
Tri-City ValleyCats batting - Pitching for Florida Fire Frogs : LHP Tony Maes
Pitching: LHP Tony Maes
Batting: RHB Frank Parry 0-0: Ball
1-0: Foul Ball, location: 3F
1-1: Foul Ball, location: 25F
1-2: Fly out, F3 (Line Drive, 3L, EV 69.4 MPH)
Batting: RHB Ed Vázquez 0-0: Fly out, F8 (Flyball, 78M, EV 85.0 MPH)
Batting: RHB Robbie Mayes 0-0: Ball
1-0: Called Strike
1-1: Ball
2-1: Ball
3-1: Called Strike
3-2: Foul Ball, location: 9LSF
3-2: Foul Ball, location: 2F
3-2: Ground out 5-3 (Groundball, 56, EV 81.3 MPH)
Bottom of the 1st over - 0 runs, 0 hits, 0 errors, 0 left on base; Florida 3 - Tri-City 0
TOP OF THE 2ND
Florida Fire Frogs batting - Pitching for Tri-City ValleyCats : RHP Ken Godwin
Batting: RHB Dan Murphy 0-0: Fly out, F9 (Flyball, 89D, EV 94.4 MPH)
Batting: RHB Jorge García 0-0: Ball
1-0: Called Strike
1-1: SINGLE (Groundball, 4M, EV 110.6 MPH) (infield hit)
Batting: RHB Ed Walker 0-0: Called Strike
Jorge García steals 2nd base (no throw)
0-1: Ball
1-1: Foul Ball, location: 2RF
1-2: Ground out 6-3 (Groundball, 56, EV 79.4 MPH)
Jorge García to third
Batting: RHB Alex Kaufman 0-0: Ball
1-0: DOUBLE (Groundball, 5L, EV 108.8 MPH)
Jorge García scores
Batting: LHB Artie Wells 0-0: Ball
1-0: Ground out 5-3 (Groundball, 56, EV 88.8 MPH)
Top of the 2nd over - 1 run, 2 hits, 0 errors, 1 left on base; Florida 4 - Tri-City 0
BOTTOM OF THE 2ND
Tri-City ValleyCats batting - Pitching for Florida Fire Frogs : LHP Tony Maes
Batting: RHB Miguel Berger 0-0: Ball
1-0: Ball
2-0: SINGLE (Line Drive, 78M, EV 85.0 MPH)
Batting: RHB António Castillo 0-0: Grounds into double play, 4-6-3 (Groundball, 4, EV 88.1 MPH)
Batting: RHB Jim Unknown 0-0: Called Strike
0-1: Swinging Strike
0-2: Ball
1-2: Ground out 6-3 (Groundball, 6, EV 85.0 MPH)
Bottom of the 2nd over - 0 runs, 1 hit, 0 errors, 0 left on base; Florida 4 - Tri-City 0
TOP OF THE 3RD
Florida Fire Frogs batting - Pitching for Tri-City ValleyCats : RHP Ken Godwin
Batting: LHB Juan Pimentero 0-0: Called Strike
0-1: Ball
1-1: Ball
2-1: Ball
3-1: Base on Balls
Batting: LHB Nicodemo Colonnese 0-0: Called Strike
0-1: Ball
1-1: Ball
2-1: Foul Ball, location: 5FF
2-2: Ball
3-2: Grounds into double play, 4-6-3 (Groundball, 4, EV 86.9 MPH)
Batting: LHB Bernardo Guerrero 0-0: Ball
1-0: Ball
2-0: Called Strike
2-1: Foul Ball, location: 2F
2-2: Ball
3-2: Fly out, F8 (Flyball, 8LD, EV 98.1 MPH)
Top of the 3rd over - 0 runs, 0 hits, 0 errors, 0 left on base; Florida 4 - Tri-City 0
BOTTOM OF THE 3RD
Tri-City ValleyCats batting - Pitching for Florida Fire Frogs : LHP Tony Maes
Batting: SHB Jim Unknown 0-0: Ball
1-0: Ball
2-0: Ground out 5-3 (Groundball, 5, EV 93.1 MPH)
Batting: RHB Jim Unknown 0-0: Called Strike
0-1: Swinging Strike
0-2: Strikes out looking
Batting: RHB Jim Unknown 0-0: Called Strike
0-1: Ball
1-1: Called Strike
1-2: Strikes out swinging
Bottom of the 3rd over - 0 runs, 0 hits, 0 errors, 0 left on base; Florida 4 - Tri-City 0
TOP OF THE 4TH
Florida Fire Frogs batting - Pitching for Tri-City ValleyCats : RHP Ken Godwin
Batting: SHB Dave Williams 0-0: Foul Ball, location: 3F
0-1: Ball
1-1: SINGLE (Line Drive, 7S, EV 91.9 MPH)
Pitching: RHP Ty Brooks
Batting: RHB Dan Murphy 0-0: Called Strike
0-1: Ball
1-1: Ball
2-1: Foul Ball, location: 5FF
2-2: Ball
3-2: Strikes out looking
Batting: RHB Jorge García 0-0: Ball
1-0: Called Strike
1-1: Ball
2-1: Foul Ball, location: 7LMF
2-2: Strikes out looking
Batting: RHB Ed Walker 0-0: Ball
1-0: Ball
2-0: Ball
3-0: Base on Balls
Dave Williams to second
Batting: RHB Alex Kaufman 0-0: Called Strike
0-1: Ball
1-1: Ball
2-1: Foul Ball, location: 2F
2-2: Strikes out swinging
Top of the 4th over - 0 runs, 1 hit, 0 errors, 2 left on base; Florida 4 - Tri-City 0
BOTTOM OF THE 4TH
Tri-City ValleyCats batting - Pitching for Florida Fire Frogs : LHP Tony Maes
Batting: RHB Frank Parry 0-0: Ball
1-0: Ball
2-0: Called Strike
2-1: Ground out 4-3 (Groundball, 4, EV 100.6 MPH)
Batting: RHB Ed Vázquez 0-0: Ball
1-0: Foul Ball, location: 2F
1-1: Fly out, F7 (Line Drive, 78M, EV 92.5 MPH)
Batting: RHB Robbie Mayes 0-0: Called Strike
0-1: Called Strike
0-2: Strikes out swinging
Bottom of the 4th over - 0 runs, 0 hits, 0 errors, 0 left on base; Florida 4 - Tri-City 0
TOP OF THE 5TH
Florida Fire Frogs batting - Pitching for Tri-City ValleyCats : RHP Ty Brooks
Batting: LHB Artie Wells 0-0: Called Strike
0-1: Ball
1-1: Swinging Strike
1-2: Fly out, F7 (Flyball, 7D, EV 85.0 MPH)
Batting: LHB Juan Pimentero 0-0: Called Strike
0-1: Ball
1-1: Ball
2-1: Foul Ball, location: 2F
2-2: Reached via error on a dropped throw from 1B, E1 (Groundball, 34, EV 100.0 MPH)
Batting: LHB Nicodemo Colonnese 0-0: Foul Ball, location: 3FF
0-1: Ball
Wild Pitch!
Juan Pimentero to second
1-1: Ball
2-1: Foul Ball, location: 2F
2-2: Ball
3-2: Foul Ball, location: 2F
3-2: Fly out, F8 (Flyball, 8LXD, EV 110.0 MPH)
Runner from 2nd tags up, SAFE at 3rd, no throw by CF
Batting: LHB Bernardo Guerrero 0-0: Ball
1-0: Swinging Strike
1-1: Ball
2-1: Ball
3-1: Base on Balls
Batting: SHB Dave Williams 0-0: Ball
1-0: Foul Ball, location: 3F
1-1: Fielders Choice at 2nd, 5-4 (Groundball, 56, EV 76.3 MPH)
Top of the 5th over - 0 runs, 0 hits, 1 error, 2 left on base; Florida 4 - Tri-City 0
BOTTOM OF THE 5TH
Tri-City ValleyCats batting - Pitching for Florida Fire Frogs : LHP Tony Maes
Batting: RHB Miguel Berger 0-0: Ball
1-0: Ball
2-0: SOLO HOME RUN (Flyball, 7LD, EV 91.9 MPH), Distance : 339 ft
Batting: RHB António Castillo 0-0: Swinging Strike
0-1: Called Strike
0-2: Ball
1-2: Ball
2-2: Foul Ball, location: 2F
2-2: Foul Ball, location: 23F
2-2: Ground out 6-3 (Groundball, 6S, EV 83.8 MPH)
Batting: RHB Jim Unknown 0-0: Ground out 3-1 (Groundball, 34, EV 88.1 MPH)
Batting: SHB Jim Unknown 0-0: Foul Ball, location: 2F
0-1: Ball
1-1: Ball
2-1: Fly out, F3 (Popup, 23F, EV 78.8 MPH)
Bottom of the 5th over - 1 run, 1 hit, 0 errors, 0 left on base; Florida 4 - Tri-City 1
TOP OF THE 6TH
Florida Fire Frogs batting - Pitching for Tri-City ValleyCats : RHP Ty Brooks
Batting: RHB Dan Murphy 0-0: Ground out 6-3 (Groundball, 56, EV 91.3 MPH)
Batting: RHB Jorge García 0-0: Swinging Strike
0-1: Ball
1-1: Called Strike
1-2: Foul Ball, location: 7LSFF
1-2: Ball
2-2: Strikes out swinging
Batting: RHB Ed Walker 0-0: Ball
1-0: Ball
2-0: Called Strike
2-1: Foul Ball, location: 2F
2-2: Strikes out swinging
Top of the 6th over - 0 runs, 0 hits, 0 errors, 0 left on base; Florida 4 - Tri-City 1
BOTTOM OF THE 6TH
Tri-City ValleyCats batting - Pitching for Florida Fire Frogs : LHP Tony Maes
Batting: RHB Jim Unknown 0-0: Ground out 5-3 (Groundball, 5, EV 95.6 MPH)
Batting: RHB Jim Unknown 0-0: Ball
1-0: Called Strike
1-1: Ball
2-1: Foul Ball, location: 2F
2-2: Strikes out looking
Batting: RHB Frank Parry 0-0: SINGLE (Groundball, 34D, EV 102.5 MPH)
Batting: RHB Ed Vázquez 0-0: Called Strike
Frank Parry is caught stealing 2nd base 2-4
Bottom of the 6th over - 0 runs, 1 hit, 0 errors, 0 left on base; Florida 4 - Tri-City 1
TOP OF THE 7TH
Florida Fire Frogs batting - Pitching for Tri-City ValleyCats : RHP Ty Brooks
Pitching: RHP Jim Unknown
Batting: RHB Alex Kaufman 0-0: Ball
1-0: SINGLE (Groundball, 56D, EV 98.1 MPH)
Batting: LHB Artie Wells 0-0: Ball
1-0: Fielders Choice at 2nd, 6-4 (Groundball, 6, EV 80.6 MPH)
Batting: LHB Juan Pimentero 0-0: Foul Ball, location: 2F
0-1: Ball
1-1: Ball
2-1: Foul Ball, location: 23F
2-2: Ball
3-2: 2-RUN HOME RUN (Flyball, 9D, EV 94.4 MPH), Distance : 373 ft
Batting: LHB Nicodemo Colonnese 0-0: Called Strike
0-1: Ball
1-1: Fly out, F2 (Popup, 25F, EV 86.3 MPH)
Batting: LHB Bernardo Guerrero 0-0: Ball
1-0: Ball
2-0: Called Strike
2-1: Ball
3-1: Ground out 4-3 (Groundball, 4, EV 84.4 MPH)
Top of the 7th over - 2 runs, 2 hits, 0 errors, 0 left on base; Florida 6 - Tri-City 1
BOTTOM OF THE 7TH
Tri-City ValleyCats batting - Pitching for Florida Fire Frogs : LHP Tony Maes
Batting: RHB Ed Vázquez 0-0: Ball
1-0: Ball
2-0: Foul Ball, location: 9LSF
2-1: Foul Ball, location: 7LMF
2-2: Strikes out swinging
Batting: RHB Robbie Mayes 0-0: Called Strike
0-1: Ball
1-1: SOLO HOME RUN (Flyball, 7D, EV 98.1 MPH), Distance : 378 ft
Batting: RHB Miguel Berger 0-0: Swinging Strike
0-1: Ball
1-1: Swinging Strike
1-2: SINGLE (Line Drive, 6D, EV 105.6 MPH)
Batting: RHB António Castillo 0-0: Called Strike
0-1: Ball
1-1: Foul Ball, location: 2F
1-2: Grounds into double play, 6-4-3 (Groundball, 56, EV 85.6 MPH)
Bottom of the 7th over - 1 run, 2 hits, 0 errors, 0 left on base; Florida 6 - Tri-City 2
TOP OF THE 8TH
Florida Fire Frogs batting - Pitching for Tri-City ValleyCats : RHP Jim Unknown
Batting: SHB Dave Williams 0-0: Ball
1-0: Ground out U3 (Groundball, 34S, EV 74.4 MPH)
Batting: RHB Dan Murphy 0-0: SOLO HOME RUN (Flyball, 78XD, EV 100.6 MPH), Distance : 392 ft
Batting: RHB Jorge García 0-0: Called Strike
0-1: Ball
1-1: Swinging Strike
1-2: Foul Ball, location: 9LSF
1-2: Strikes out swinging
Batting: RHB Ed Walker 0-0: Ball
1-0: Called Strike
1-1: Foul Ball, location: 2F
1-2: Ball
2-2: Ground out 1-3 (Groundball, 13S, EV 67.5 MPH)
Top of the 8th over - 1 run, 1 hit, 0 errors, 0 left on base; Florida 7 - Tri-City 2
BOTTOM OF THE 8TH
Tri-City ValleyCats batting - Pitching for Florida Fire Frogs : LHP Tony Maes
Batting: RHB Jim Unknown 0-0: Swinging Strike
0-1: Ball
1-1: Foul Ball, location: 2F
1-2: Foul Ball, location: 9LSF
1-2: Ball
2-2: Foul Ball, location: 9LSF
2-2: Ground out 1-3 (Groundball, 13S, EV 73.1 MPH)
Batting: SHB Jim Unknown 0-0: DOUBLE (Line Drive, 3D, EV 101.9 MPH)
Pinch Hitting: RHB Bo Wilson 0-0: Foul Ball, location: 2F
0-1: Foul Ball, location: 7LDF
0-2: SINGLE (Groundball, 4MD, EV 104.4 MPH)
Jim Unknown to third
Batting: RHB Jim Unknown 0-0: Grounds into double play, 4-6-3 (Groundball, 4, EV 89.4 MPH)
Bottom of the 8th over - 0 runs, 2 hits, 0 errors, 1 left on base; Florida 7 - Tri-City 2
TOP OF THE 9TH
Florida Fire Frogs batting - Pitching for Tri-City ValleyCats : RHP Jim Unknown
Now in LF: Orlando Reyna
Batting: RHB Alex Kaufman 0-0: SOLO HOME RUN (Flyball, 7D, EV 97.5 MPH), Distance : 372 ft
Pitching: RHP Héctor López
Batting: LHB Artie Wells 0-0: SINGLE (Groundball, 6MD, EV 108.8 MPH)
Batting: LHB Juan Pimentero 0-0: Ball
1-0: Ball
2-0: Swinging Strike
2-1: Foul Ball, location: 3F
2-2: Strikes out swinging
Batting: LHB Nicodemo Colonnese 0-0: Fly out, F9 (Flyball, 9D, EV 85.0 MPH)
Batting: LHB Bernardo Guerrero 0-0: Ground out U3 (Groundball, 34S, EV 85.0 MPH)
Top of the 9th over - 1 run, 2 hits, 0 errors, 1 left on base; Florida 8 - Tri-City 2
BOTTOM OF THE 9TH
Tri-City ValleyCats batting - Pitching for Florida Fire Frogs : LHP Tony Maes
Batting: RHB Frank Parry 0-0: Ball
1-0: Ball
2-0: Foul Ball, location: 9LSF
2-1: Ground out 6-3 (Groundball, 6, EV 101.9 MPH)
Batting: RHB Ed Vázquez 0-0: Called Strike
0-1: Ball
1-1: Ball
2-1: DOUBLE (Flyball, 8RXD, EV 107.5 MPH)
Batting: RHB Robbie Mayes 0-0: Ball
1-0: Swinging Strike
1-1: SINGLE (Groundball, 4MD, EV 101.3 MPH)
Ed Vázquez to third
Batting: RHB Miguel Berger 0-0: Ball
1-0: Ball
2-0: Swinging Strike
2-1: Foul Ball, location: 23F
2-2: Ball
3-2: Fly out, F7 (Flyball, 7D, EV 95.6 MPH)
Runner from 3rd tags up, SCORES, no throw by LF
Pitching: RHP Chet Faulkner
Batting: RHB António Castillo 0-0: Called Strike
0-1: Called Strike
0-2: Strikes out swinging
Bottom of the 9th over - 1 run, 2 hits, 0 errors, 1 left on base; Florida 8 - Tri-City 3
Monday, April 1st , 2024 - OOTP Baseball 24.10 Build 82